Selects Australian Defense Battlegroup
Selects Australian Light Infantry Section
Australian Light Infantry Section
Australian Light Infantry Section
Construct Section Command Post
Australian Light Infantry Section
Selects 2-pounder Anti-tank Gun Team
2-pounder Anti-tank Gun Team
Construct Field Infirmary
Selects CMP 15cwt Supply Run
Construct Platoon Command Post
Selects Reinforced Resource Caches
Unlock M3 Stuart Light Tanks
Construct Company Command Post
Selects Archer Tank Destroyer
Unlock M3 Grant Medium Tanks
Selects Vehicle Over Repair